 Dungeon Crawl Stone Soup version 0.25-a0-992-gca090100c3 (webtiles) character file.

Game seed: 2323027451302394399, levelgen mode: deterministic

42 Flugslaktarn the Shield-Bearer (level 3, 0/33 HPs)
             Began as a Minotaur Fighter on May 10, 2020.
             Slain by a worm (3 damage)
             ... on level 2 of the Dungeon.
             The game lasted 00:00:21 (285 turns).

Flugslaktarn the Shield-Bearer (Minotaur Fighter)    Turns: 285, Time: 00:00:21

Health: 0/33       AC:  8    Str: 20    XL:     3   Next: 33%
Magic:  2/2        EV:  7    Int:  5    God:
Gold:   73         SH:  9    Dex: 10    Spells: 2/2 levels left

rFire    . . .     SeeInvis .   a - +0 war axe
rCold    . . .     Gourm    .   c - +0 kite shield
rNeg     . . .     Faith    .   b - +0 scale mail
rPois    .         Spirit   .   (helmet restricted)
rElec    .         Reflect  .   (no cloak)
rCorr    .         Harm     .   i - +0 pair of gloves
MR       .....                  (no boots)
Stlth    ..........             (no amulet)
HPRegen  0.11/turn              (no ring)
MPRegen  0.08/turn              (no ring)

@: mighty
A: retaliatory headbutt, horns 2
a: no special abilities


You were on level 2 of the Dungeon.
You were not hungry.

You visited 1 branch of the dungeon, and saw 2 of its levels.

You collected 73 gold pieces.

Inventory:

Hand Weapons
 a - a +0 war axe (weapon)
Armour
 b - a +0 scale mail (worn)
 c - a +0 kite shield (worn)
 i - a +0 pair of gloves (worn)
   (You found it on level 1 of the Dungeon)
Jewellery
 m - an uncursed ring of see invisible {unknown}
   (You found it on level 2 of the Dungeon)
Scrolls
 g - 2 scrolls of identify {unknown}
 h - 2 scrolls of remove curse {unknown}
 k - a scroll of immolation {unknown}
 l - a scroll of magic mapping {unknown}
Potions
 j - a potion of lignification {unknown}
Comestibles
 e - 2 rations
 f - 6 chunks of flesh


   Skills:
 + Level 4.0 Fighting
 * Level 3.4 Axes
 + Level 4.0 Armour
 + Level 4.0 Shields


You had 2 spell levels left.
You didn't know any spells.
Your spell library was empty.

Dungeon Overview and Level Annotations

Branches:
Dungeon (2/15)

Altars:


Innate Abilities, Weirdness & Mutations

You reflexively headbutt those who attack you in melee.
You have a pair of horns on your head.


Message History

You have reached level 3!
Your experience leads to an increase in your attributes!
Increase (s)trength, (i)ntelligence, or (d)exterity?
You feel agile.
Your shield and scale mail prevent you from hitting the jackal.
You slash the jackal!
You kill the jackal!
Your Fighting skill increases to level 4!
Your Armour skill increases to level 4!
You hit Robin.
You kill Robin!
You hear a shout!
The goblin no longer looks unusually strong.
You block the jackal's attack. The jackal closely misses you.
The jackal bites you.
* * * LOW HITPOINT WARNING * * *
The hobgoblin hits you but does no damage.
The hobgoblin no longer looks unusually strong.
The jackal closely misses you. The worm bites you.
You die...

.% ######## #.#######
#.#.....
##.......####.#.#### ##
#................... ...
#........#####......
#..#......(.##.........
#...........##รท#.......
#..........#.......
#w@#########....... #hh#
#....#....... #gg#
#....#......# #gg#
#....###..... g..#
#....###.####
g.g#####......).#..#
.... #.....).......#
....# #.#.###....#.##
....# #.#..........#


You could see a worm, 2 jackals, 2 hobgoblins and 5 goblins.

Vanquished Creatures
  Robin (D:2)
  A worm (D:2)
  A dart slug (D:1)
  A leopard gecko (D:2)
  7 goblins
  5 hobgoblins
  A jackal (D:2)
  A frilled lizard (D:1)
  3 kobolds
  2 rats (D:1)
23 creatures vanquished.

Notes
Turn   | Place    | Note
-------+----------+-------------------------------------------
     0 | D:1      | Flugslaktarn the Minotaur Fighter began the quest for the
                  | Orb.
     0 | D:1      | Reached XP level 1. HP: 19/19 MP: 0/0
    57 | D:1      | Reached XP level 2. HP: 27/27 MP: 1/1
   271 | D:2      | Noticed Robin
   284 | D:2      | Reached XP level 3. HP: 4/33 MP: 2/2
   284 | D:2      | Killed Robin
   285 | D:2      | Slain by a worm

Illustrated notes

Levels and vault maps discovered:
D:1:      dpeg_arrival_tiny_f, layout_basic, minmay_misc_feat_nine_boxes,
          minmay_tall_x
D:2:      kennysheep_the_goblin_king, layout_basic, first_ration,
          minmay_misc_feat_tiny, cheibriados_altar_1, uniq_robin

Skill      XL: |  1  2  3 |
---------------+----------+-----
Axes           | 3 |  3.4
Shields        | 4 |  4.0
Fighting       | 4 |  4.0
Armour         | 4 |  4.0

Action                   || total
-------------------------++-------
Melee: War axe           ||    40
       Headbutt          ||     7
  Use: Potion            ||     1
Armor: Scale mail        ||    20
Dodge: Dodged            ||    26
Block: Kite shield       ||    36

Table legend:
 A = Non-vault XP
 B = Vault XP
 C = Vault XP percentage of total XP
 D = Non-vault monster count
 E = Vault monster count
 F = Vault count percentage of total count
                 A         B        C        D         E       F
            +---------+---------+-------+---------+---------+-------
      Total |      33 |      27 |  45.0 |      16 |       7 |  30.4
            +---------+---------+-------+---------+---------+-------
        D:1 |      16 |       0 |   0.0 |       9 |       0 |   0.0
        D:2 |      17 |      27 |  61.4 |       7 |       7 |  50.0
            +---------+---------+-------+---------+---------+-------
